 Dungeon Crawl Stone Soup version 0.32-a0-42-ga30500b4d3 (webtiles) character file.

Game seed: 14938689793587546213

41 Atlas the Chiller (level 3, -2/24 HPs)
             Began as a Demonspawn Ice Elementalist on Jan 26, 2024.
             Slain by Jessica
             ... wielding a +3 dagger of holy wrath
              (3 damage)
             ... on level 2 of the Dungeon.
             The game lasted 00:01:55 (1244 turns).

Atlas the Chiller (Demonspawn Ice Elementalist)     Turns: 1244, Time: 00:01:56

Health: -2/24      AC:  5    Str:  8    XL:     3   Next: 32%
Magic:  4/6        EV: 12    Int: 17    God:
Gold:   73         SH:  0    Dex: 13    Spells: 3/7 levels left

rFire   . . .        (no weapon)
rCold   . . .        (no shield)
rNeg    . . .        a - +0 robe
rPois   .            (no helmet)
rElec   .            i - scarf {shadows}
rCorr   .            g - +0 pair of gloves
SInv    .            (no boots)
Will    .....        (no amulet)
Stlth   ++           (no ring)
HPRegen 0.24/turn    (no ring)
MPRegen 0.10/turn

%: no passive effects
@: very slightly contaminated
A: icy blue scales 1, weakness stinger 1
a: no special abilities


You were on level 2 of the Dungeon.
You visited 1 branch of the dungeon, and saw 2 of its levels.

You collected 73 gold pieces.

Inventory:

Armour
 a - a +0 robe (worn)
 g - a +0 pair of gloves (worn)
 i - a scarf of shadows (worn)
Scrolls
 e - a scroll of vulnerability {unknown}
 f - a scroll of teleportation {unknown}
 h - a scroll of acquirement {unknown}
 j - a scroll of amnesia {unknown}
Potions
 b - 2 potions of magic
 c - a potion of might {unknown}
 d - 2 potions of lignification {unknown}


   Skills:
 + Level 1.9 Dodging
 + Level 1.9 Stealth
 + Level 2.5 Spellcasting
 + Level 4.3 Ice Magic


You had 3 spell levels left.
You knew the following spells:

 Your Spells              Type           Power      Damage    Failure   Level
a - Freeze                Ice            64%        1d7       3%          1
b - Frozen Ramparts       Ice            32%        1d5       10%         3

Your spell library contained the following spells:

 Spells                   Type           Power      Damage    Failure   Level
 Ozocubu's Armour         Ice            16%        N/A       10%         3
 Summon Ice Beast         Ice/Summ       9%         N/A       22%         3


Dungeon Overview and Level Annotations

Branches:
Dungeon (2/15)

Altars:

Annotations:
D:2 Jessica


Innate Abilities, Weirdness & Mutations

You are partially covered in icy blue scales. (AC +2)
You have a small tail.


Message History

Aiming: Freeze (safe; 3% risk of failure)
Press: ? - help, Shift-Dir - straight line, f - rat
Aim: a rat You freeze the rat.
You kill the rat!
Unknown command.
You now have 73 gold pieces (gained 17).
You see here a +0 whip.
You open the door.
Found a stone staircase leading up.
Found an escape hatch in the ceiling.
There is an open door here.
No target in view!
No target in view!
Jessica the Apprentice Sorceress comes into view.
She is wielding a +3 dagger of holy wrath and wearing a +2 robe of positive energy.
Jessica is nearby!
Jessica shouts!
Jessica hits you with a +3 dagger of holy wrath.
You convulse.
Casting: Freeze (safe; 3% risk of failure)
Confirm with . or Enter, or press ? or * to list all spells.
Aiming: Freeze (safe; 3% risk of failure)
Press: ? - help, Shift-Dir - straight line, f - Jessica
Aim: Jessica, wielding a +3 dagger of holy wrath and wearing a +2 robe of positive energy You freeze Jessica!
Jessica is almost dead.
Jessica hits you with a +3 dagger of holy wrath.
You convulse.
Casting: Freeze (safe; 3% risk of failure)
Confirm with . or Enter, or press ? or * to list all spells.
Aiming: Freeze (safe; 3% risk of failure)
Press: ? - help, Shift-Dir - straight line, f/p - Jessica
Aim: Jessica, wielding a +3 dagger of holy wrath and wearing a +2 robe of positive energy (almost dead)
You miscast Freeze.
You are very lightly contaminated with residual magic.
Nothing appears to happen.
Jessica hits you with a +3 dagger of holy wrath!
* * * LOW HITPOINT WARNING * * *
You convulse.
You die...

.## ...#####
#.....### #......#
...... .##......#
...... .....@@..##
....<. .....###..#
...<.. .... ##.#
...... ...
#.##...... ..
#......... . ...
###.......
...######'######
..........)..#
.............#######


You could see Jessica.

Vanquished Creatures
  A dart slug (D:2)
  5 ball pythons
  2 bats (D:1)
  3 endoplasms (D:1)
  4 giant cockroaches
  4 goblins
  3 hobgoblins
  3 kobolds
  5 frilled lizards
  4 rats
34 creatures vanquished.

Notes
Turn   | Place    | Note
-------+----------+-------------------------------------------
     0 | D:1      | Atlas the Demonspawn Ice Elementalist began the quest for
                  | the Orb.
     0 | D:1      | Reached XP level 1. HP: 13/13 MP: 3/3
   278 | D:1      | Gained mutation: You are partially covered in icy blue
                  | scales. (AC +2) [demonic ancestry]
   278 | D:1      | Reached XP level 2. HP: 19/19 MP: 0/5
   341 | D:1      | Reached skill level 4 in Ice Magic
   883 | D:2      | Gained mutation: You have a small tail. [demonic ancestry]
   883 | D:2      | Reached XP level 3. HP: 24/24 MP: 3/6
  1158 | D:2      | Learned a level 3 spell: Frozen Ramparts
  1240 | D:2      | Noticed Jessica
  1244 | D:2      | HP: 1/24 [Jessica/+3 dagger of holy wrath (7)]
  1244 | D:2      | Slain by Jessica

Illustrated notes

Levels and vault maps discovered:
D:1:      minmay_arrival_wavy_path, layout_rooms, hex_intersection
D:2:      layout_basic, corexii_hall_statues_l, uniq_jessica

Skill      XL: |  1  2 |
---------------+-------+-----
Ice Magic      | 4 |  4.3
Dodging        | |  1.9
Stealth        | |  1.9
Spellcasting   | |  2.5

Action                     || total
---------------------------++-------
  Melee: Unarmed           ||     5
   Cast: Freeze            ||    52
 Armour: Robe              ||    16
  Dodge: Dodged            ||    31

Table legend: (Time is in decaauts)
 A = Elapsed time spent in this place.
 B = Non-inter-level travel time spent in this place.
 C = Inter-level travel time spent in this place.
 D = Time resting spent in this place.
 E = Time spent auto-exploring this place.
 F = Levels seen in this place.
 G = Mean time per level.
                   A        B        C        D        E       F      G
               +--------+--------+--------+--------+--------+-----+--------+
         Total |   1243 |   1193 |     50 |      0 |    961 |   2 |  621.5 |
       Dungeon |   1243 |   1193 |     50 |      0 |    961 |   2 |  621.5 |
               +--------+--------+--------+--------+--------+-----+--------+

Top non-repeatable levels by time:
     D:1: 784 daAuts
     D:2: 459 daAuts
